 Dungeon Crawl Stone Soup version 0.26-a0-652-gafc20e3620 (webtiles) character file.

Game seed: 4499217851840215739

119 lunkers the Skirmisher (level 4, 0/37 HPs)
             Began as a Demonspawn Fighter on Oct 2, 2020.
             Slain by a rat (3 damage)
             ... on level 3 of the Dungeon.
             The game lasted 00:03:14 (1588 turns).

lunkers the Skirmisher (Demonspawn Fighter)         Turns: 1588, Time: 00:03:14

Health: 0/37       AC:  9    Str: 17    XL:     4   Next: 74%
Magic:  0/4        EV:  6    Int: 10    God:
Gold:   201        SH:  8    Dex: 12    Spells: 3/3 levels left

rFire    . . .     SeeInvis .   a - +0 rapier
rCold    + . .     Faith    .   c - +0 kite shield
rNeg     . . .     Spirit   +   b - +0 scale mail
rPois    .         Reflect  .   (no helmet)
rElec    .         Harm     .   (no cloak)
rCorr    +         Rampage  .   (no gloves)
MR       .....                  (no boots)
Stlth    ..........             (no amulet)
HPRegen  0.12/turn              g - ring of resist corrosion
MPRegen  0.09/turn              k - ring of protection from cold

@: no status effects
A: slimy green scales 2, magic shield
a: no special abilities


You were on level 3 of the Dungeon.
You visited 1 branch of the dungeon, and saw 3 of its levels.

You collected 201 gold pieces.

Inventory:

Hand Weapons
 a - a +0 rapier (weapon)
Armour
 b - a +0 scale mail (worn)
 c - a +0 kite shield (worn)
Jewellery
 g - a ring of resist corrosion (left hand)
 k - a ring of protection from cold (right hand)
 r - an uncursed amulet of regeneration {unknown}
Wands
 n - a wand of random effects (6)
Scrolls
 e - 2 scrolls of enchant armour {unknown}
 f - 2 scrolls of identify {unknown}
 h - 2 scrolls of amnesia {unknown}
 i - 2 scrolls of enchant weapon {unknown}
 j - a scroll of noise {unknown}
 l - 3 scrolls of remove curse {unknown}
 m - 2 scrolls of teleportation {unknown}
 o - a scroll of fear {unknown}
 s - a scroll of blinking {unknown}
 t - a scroll of immolation {unknown}
Potions
 d - 3 potions of might
 p - a potion of ambrosia {unknown}
 q - a potion of mutation {unknown}


   Skills:
 + Level 4.0 Fighting
 * Level 3.9 Short Blades
 - Level 2.6 Armour
 - Level 2.6 Shields


You had 3 spell levels left.
You didn't know any spells.
Your spell library was empty.

Dungeon Overview and Level Annotations

Branches:
Dungeon (3/15)

Altars:


Innate Abilities, Weirdness & Mutations

You are mostly covered in slimy green scales. (AC +3)
When hurt, damage is shared between your health and your magic reserves.


Message History

The black bear bites you.
* * * LOW HITPOINT WARNING * * *
The black bear claws you.
* * * LOW HITPOINT WARNING * * *
The black bear claws you but does no damage.
You hit the black bear but do no damage.
The black bear is severely wounded.
The black bear bites you.
* * * LOW HITPOINT WARNING * * *
The black bear claws you but does no damage.
The black bear closely misses you. The rat barely misses you.
You hit the black bear but do no damage.
The black bear is severely wounded.
The black bear bites you.
* * * LOW HITPOINT WARNING * * *
The black bear claws you but does no damage.
The black bear claws you.
* * * LOW MAGIC WARNING * * *
The rat bites you.
You die...

##.##..................#
##.##.......####.......#
....#.......###........#
....#..................#
....###......###.......#
†.......#....# #.......#
.#.#........## #.......#
.#.#...##...####.......#
.#.###..........@......#
...# ###..#####hr.....#
...... ....####.......#
.....# #...........##
.....# ##..........#
.....# #..........#
.....# #..........#
.....# #..........#
.....######...........#


You could see a black bear (berserk) and a rat.

Vanquished Creatures
  A centaur skeleton (D:2)
  3 adders (D:3)
  A worm (D:2)
  2 dart slugs
  2 leopard geckos
  8 bats
  2 giant cockroaches
  6 goblins
  8 hobgoblins
  5 jackals
  A frilled lizard (D:1)
  5 kobolds (D:1)
  7 rats
51 creatures vanquished.

Notes
Turn   | Place    | Note
-------+----------+-------------------------------------------
     0 | D:1      | lunkers the Demonspawn Fighter began the quest for the Orb.
     0 | D:1      | Reached XP level 1. HP: 18/18 MP: 1/1
   168 | D:1      | Gained mutation: You are partially covered in slimy green
                  | scales. (AC +2) [demonic ancestry]
   168 | D:1      | Reached XP level 2. HP: 18/24 MP: 2/2
   440 | D:1      | Gained mutation: When hurt, damage is shared between your
                  | health and your magic reserves. [demonic ancestry]
   440 | D:1      | Reached XP level 3. HP: 29/29 MP: 3/3
  1089 | D:2      | Gained mutation: You are mostly covered in slimy green
                  | scales. (AC +3) [demonic ancestry]
  1089 | D:2      | Reached XP level 4. HP: 34/37 MP: 4/4
  1469 | D:3      | Reached skill level 4 in Fighting
  1572 | D:3      | Noticed a black bear
  1588 | D:3      | Slain by a rat

Illustrated notes

Levels and vault maps discovered:
D:1:      eino_arrival_cavern_c, layout_rooms
D:2:      layout_rooms
D:3:      layout_rooms, uniq_grinder

Skill      XL: |  1  2  3  4 |
---------------+-------------+-----
Short Blades   | 2 3 |  3.9
Fighting       | 4 |  4.0
Armour         | |  2.6
Shields        | |  2.6

Action                   |  1- 3 |  4- 6 || total
-------------------------+-------+-------++-------
Melee: Rapier            |   123 |    66 ||   189
Armor: Scale mail        |    70 |    46 ||   116
Dodge: Dodged            |    32 |    25 ||    57
Block: Kite shield       |    58 |    32 ||    90

Table legend: (Time is in decaauts)
 A = Elapsed time spent in this place.
 B = Non-inter-level travel time spent in this place.
 C = Inter-level travel time spent in this place.
 D = Time resting spent in this place.
 E = Time spent auto-exploring this place.
 F = Levels seen in this place.
 G = Mean time per level.
                   A        B        C        D        E       F      G
               +--------+--------+--------+--------+--------+-----+--------+
         Total |   1611 |   1572 |     39 |      0 |   1208 |   3 |  537.0 |
       Dungeon |   1611 |   1572 |     39 |      0 |   1208 |   3 |  537.0 |
               +--------+--------+--------+--------+--------+-----+--------+

Top non-repeatable levels by time:
     D:1: 725 daAuts
     D:2: 614 daAuts
     D:3: 271 daAuts
